Map: Vigília Leste LE

Players

IagoAbreu - Winner!

  • Race: Terran Terran
  • League: Silver
  • Spawn Location: 7:00

Ivan

  • Race: Protoss Protoss
  • Spawn Location: 1:00

VOD

Have the link to the VOD?

Description

Time

  • Played on: March 2, 2018, 2:32 p.m.
  • Length: 12:26
Show
View Real Time Build Order
Export as new Build Order

IagoAbreu Terran - Winner!

Build Orders:  

Get SALT Encoding   

  12  0:02  SCV  
  13  0:15  Supply Depot  
  13  0:19  SCV  
  14  0:31  Supply Depot  
  14  0:32  SCV  
  15  0:44  SCV  
  16  0:52  Barracks  
  16  0:56  SCV  
  17  1:02  Refinery  
  17  1:08  SCV  
  18  1:14  Refinery  
  18  1:20  SCV  
  18  1:25  Barracks  
  19  1:32  SCV  
  20  1:45  SCV  
  20  1:47  Barracks Reactor  
  21  2:02  SCV  
  21  2:04  Bunker  
  22  2:13  Engineering Bay  
  22  2:18  Barracks Reactor, Orbital Command  
  22  2:28  Marine x2  
  24  2:46  Marine x2  
  26  2:55  SCV  
  26  2:56  Factory  
  26  2:57  Marine x2  
  29  3:03  Terran Infantry Weapons Level 1  
  29  3:07  Marine  
  29  3:09  Marine  
  31  3:24  Marine x2  
  33  3:28  Supply Depot  
  33  3:30  Supply Depot  
  33  3:35  Marine  
  33  3:37  Marine  
  35  3:54  Factory Tech Lab, Bunker  
  35  4:09  SCV  
  36  4:11  Marine x2  
  36  4:12  Marine x2  
  36  4:16  Siege Tank  
  43  4:26  Armory  
  43  4:32  Factory  
  43  4:37  SCV  
  44  4:40  Marine x2  
  44  4:49  SCV  
  43  5:18  SCV  
  44  5:29  Starport  
  44  5:30  SCV  
  45  5:39  Starport  
  45  5:43  Factory Tech Lab  
  45  6:12  Command Center  
  45  6:14  Starport Reactor  
  45  6:20  Starport Tech Lab  
  45  6:28  Refinery  
  45  6:31  Siege Tank  
  48  6:36  Terran Vehicle Weapons Level 1  
  48  6:41  Terran Infantry Armor Level 1  
  48  6:49  Liberator x2  
  54  7:12  Combat Shields  
  54  7:17  Marine  
  55  7:24  Marine  
  55  7:25  Supply Depot  
  55  7:28  Supply Depot  
  56  7:36  Orbital Command  
  56  7:41  Liberator x2  
  56  7:49  Supply Depot  
  56  7:52  Supply Depot  
  62  8:09  SCV  
  63  8:21  SCV  
  64  8:28  Cyclone x2  
  64  8:33  SCV  
  71  8:46  SCV  
  72  8:58  SCV  
  73  9:10  SCV  
  73  9:15  Sensor Tower  
  74  9:22  SCV  
  75  9:31  Sensor Tower  
  75  9:34  SCV  
  64  10:13  SCV  
  65  10:16  Supply Depot  
  65  10:19  Sensor Tower  
  65  10:25  SCV, Viking x2  
  70  10:28  Raven  
  70  10:31  Command Center  
  70  10:34  Marine x4  
  76  10:37  SCV  
  77  10:49  SCV  
  78  10:50  Refinery  
  78  10:52  Marine x4  
  78  10:55  Viking x2  
  86  11:01  SCV  
  87  11:12  Liberator  
  87  11:18  Sensor Tower  
  87  11:19  Liberator  
  90  11:36  Sensor Tower  
Show
View Real Time Build Order
Export as new Build Order

Ivan Protoss 

Build Orders: Oracle Opening 

Get SALT Encoding   

  12  0:01  Probe  
  13  0:13  Probe  
  14  0:25  Probe  
  14  0:28  Pylon  
  15  0:36  Assimilator  
  15  0:42  Assimilator  
  15  0:46  Probe  
  16  0:53  Gateway  
  16  1:03  Probe  
  17  1:15  Probe  
  18  1:26  Gateway  
  18  1:34  Pylon  
  18  1:35  Probe  
  19  1:47  Probe  
  20  1:54  Cybernetics Core  
  20  2:00  Probe  
  21  2:16  Pylon  
  21  2:28  Forge  
  21  2:36  Warp Gate, Stargate  
  21  2:45  Gateway  
  21  2:47  Stalker  
  23  3:01  Gateway  
  23  3:21  Oracle  
  26  3:28  Photon Cannon  
  26  3:36  Photon Cannon  
  26  3:44  Stalker  
  28  3:55  Stalker  
  30  4:21  Nexus  
  27  5:16  Pylon  
  27  5:36  Fleet Beacon  
  27  5:47  Stargate  
  27  5:52  Void Ray  
  27  5:56  Stalker x2  
  35  5:58  Stalker  
  45  6:29  Mothership (Chrono Boost)  
  45  6:44  Probe  
  46  6:56  Probe  
  47  7:06  Pylon  
  47  7:09  Probe  
  48  7:19  Stargate  
  48  7:21  Probe  
  49  7:23  Stargate  
  49  7:27  Tempest  
  55  7:33  Probe  
  56  7:50  Probe (Chrono Boost)  
  57  7:58  Void Ray  
  57  8:01  Probe (Chrono Boost)  
  57  8:05  Probe (Chrono Boost)  
  63  8:16  Probe (Chrono Boost)  
  65  8:28  Probe (Chrono Boost)  
  65  8:34  Probe (Chrono Boost)  
  65  8:39  Void Ray  
  70  8:48  Assimilator  
  70  8:51  Assimilator  
  70  8:57  Pylon  
  70  9:15  Void Ray, Probe  
  75  9:27  Probe  
  58  10:01  Pylon  
  58  10:16  Probe (Chrono Boost)  
  59  10:26  Probe (Chrono Boost)  
  60  10:31  Probe (Chrono Boost)  
  53  10:42  Probe  
  54  10:54  Probe (Chrono Boost)  
  55  11:03  Probe (Chrono Boost)  
  56  11:14  Probe (Chrono Boost)  
  56  11:17  Probe (Chrono Boost)  
  58  11:22  Probe (Chrono Boost)  
  58  11:25  Probe (Chrono Boost)  
  60  11:31  Probe x2 (Chrono Boost)  
  62  11:36  Void Ray x4  
  80  11:40  Probe (Chrono Boost)  
  80  11:42  Probe (Chrono Boost)  
  80  11:45  Probe (Chrono Boost)  
  81  11:57  Probe  
Tags
 
Add a new tag
Caveats
  • Supply blocks, unpowered buildings, or Contaminate may cause inaccurate times.
  • Supply counts are checked every 10 seconds.